 Dungeon Crawl Stone Soup version 0.23.2 (webtiles) character file.

Game seed: 5073989692257405990

462 Borgoz the Cutter (level 7, -1/41 HPs)
             Began as a Gargoyle Gladiator on Apr 9, 2019.
             Slain by a killer bee (6 damage)
             ... on level 3 of the Dungeon.
             The game lasted 00:03:57 (2790 turns).

Borgoz the Cutter (Gargoyle Gladiator)              Turns: 2790, Time: 00:03:58

Health: -1/41      AC:  9    Str: 17    XL:     7   Next: 7%
Magic:  16/16      EV: 13    Int:  9    God:
Gold:   210        SH:  0    Dex: 13    Spells: 6/6 levels left

rFire    . . .     SeeInvis .   a - +0 rapier
rCold    . . .     Gourm    .   (no shield)
rNeg     + . .     Faith    .   b - +0 leather armour
rPois    ∞         Spirit   .   c - +0 helmet
rElec    +         Reflect  .   r - scarf {repulsion}
rCorr    .         Harm     .   (no gloves)
MR       .....                  (no boots)
Stlth    ++........             (no amulet)
HPRegen  0.13/turn              q - ring of magical power
MPRegen  0.15/turn              (no ring)

@: very slightly contaminated, repel missiles
A: negative energy resistance 1, electricity resistance, unbreathing,
petrification resistance, rot immunity, AC +4
a: no special abilities


You were on level 3 of the Dungeon.
You were not hungry.

You visited 1 branch of the dungeon, and saw 4 of its levels.

You collected 210 gold pieces.

Inventory:

Hand Weapons
 a - a +0 rapier (weapon)
Missiles
 d - 2 throwing nets (quivered)
 n - 5 tomahawks
Armour
 b - a +0 leather armour (worn)
 c - a +0 helmet (worn)
 r - a scarf of repulsion (worn)
Jewellery
 q - a ring of magical power (left hand)
Scrolls
 e - 3 scrolls of blinking
 g - a scroll of enchant weapon {unknown}
 i - a scroll of fog {unknown}
 j - 3 scrolls of remove curse {unknown}
 k - a scroll of teleportation {unknown}
 l - a scroll of enchant armour {unknown}
 m - 2 scrolls of immolation {unknown}
 o - a scroll of identify {unknown}
 p - a scroll of random uselessness {unknown}
 s - a scroll of noise {unknown}
Comestibles
 f - 8 rations
 h - 4 chunks of flesh


   Skills:
 + Level 3.5 Fighting
 * Level 4.4 Short Blades
 - Level 1.7 Throwing
 + Level 2.4 Armour
 * Level 3.9 Dodging
 + Level 3.0 Stealth


You had 6 spell levels left.
You didn't know any spells.
Your spell library was empty.

Dungeon Overview and Level Annotations

Branches:
Dungeon (4/15)
 Temple: D:4-7

Altars:
Gozag


Innate Abilities, Weirdness & Mutations

You are resistant to torment.
Your stone body is resilient. (AC +4)
You are immune to poison.
You resist negative energy. (rN+)
You are resistant to electric shocks. (rElec)
You can survive without breathing.
You are immune to petrification.
You are immune to rotting.


Message History

The killer bee stings you but does no damage.
The killer bee closely misses you. The killer bee barely misses you.
The killer bee barely misses you. The killer bee misses you.
The killer bee stings you but does no damage.
The killer bee stings you but does no damage.
The killer bee barely misses you.
The killer bee stings you but does no damage. x2
The killer bee closely misses you.
The killer bee stings you but does no damage.
The killer bee barely misses you.
There is a stone staircase leading up here.
The killer bee closely misses you. The killer bee barely misses you.
The killer bee stings you!
* * * LOW HITPOINT WARNING * * *
The killer bee barely misses you. The killer bee misses you. x2
You climb upwards.
There is a stone staircase leading down here.
The killer bee stings you.
You die...

....# #..≈≈≈≈≈≈≈≈≈≈≈÷.###
#.... ....#
#≈≈≈≈≈.≈.≈≈.≈.#...# #.###
....#
#≈..≈.....≈≈..###.###.###
....# ####.........##
#.##...## #####
##.........# #(......#
#..........####........
###..........##..........
#........y......##.......
#####...@y..#######......
##..y>.## ##(....#
####### #....... #.......
#...)).. ##.....# ##...##
#####


You could see 3 killer bees.

Vanquished Creatures
  Grinder (D:3)
  2 hounds (D:4)
  An orc priest (D:3)
  Jessica (D:2)
  A worker ant (D:4)
  A hound skeleton (D:4)
  3 adders
  An ooze (D:1)
  2 worms (D:2)
  3 leopard geckos
  13 orcs
  7 bats
  A giant cockroach (D:1)
  9 goblins
  9 hobgoblins
  3 kobolds
  A frilled lizard (D:3)
  8 rats
67 creatures vanquished.

Notes
Turn   | Place    | Note
-------+----------+-------------------------------------------
     0 | D:1      | Borgoz the Gargoyle Gladiator began the quest for the Orb.
     0 | D:1      | Reached XP level 1. HP: 12/12 MP: 1/1
    43 | D:1      | Reached XP level 2. HP: 10/18 MP: 2/2
   453 | D:1      | Reached skill level 3 in Short Blades
   612 | D:1      | Reached XP level 3. HP: 22/22 MP: 3/3
   805 | D:2      | Reached skill level 1 in Stealth
   949 | D:2      | Noticed Jessica
   954 | D:2      | Killed Jessica
   954 | D:2      | Reached skill level 1 in Armour
   954 | D:2      | Reached XP level 4. HP: 20/27 MP: 4/4
  1546 | D:3      | Found a faded altar of an unknown god.
  1788 | D:3      | Noticed Grinder
  1822 | D:3      | Killed Grinder
  1822 | D:3      | Reached skill level 4 in Short Blades
  1822 | D:3      | Reached XP level 5. HP: 11/32 MP: 5/5
  1822 | D:3      | Reached XP level 6. HP: 13/37 MP: 6/6
  2678 | D:4      | Found an opulent altar of Gozag.
  2751 | D:4      | Reached XP level 7. HP: 28/41 MP: 7/7
  2790 | D:3      | Slain by a killer bee

Skill      XL: |  1  2  3  4  5  6  7 |
---------------+----------------------+-----
Short Blades   | 3 4 |  4.4
Stealth        | 1 2 3 |  3.0
Armour         | 1 2 |  2.4
Dodging        | 3 |  3.9
Fighting       | 3 |  3.5
Throwing       | |  1.7

Action                   |  1- 3 |  4- 6 |  7- 9 || total
-------------------------+-------+-------+-------++-------
Melee: Rapier            |    90 |   167 |     7 ||   264
Throw: Throwing net      |       |     2 |       ||     2
  Use: Potion            |       |     6 |       ||     6
       Scroll            |       |       |     1 ||     1
 Stab: Sleeping          |     2 |     3 |       ||     5
       Invisible         |       |     1 |       ||     1
       Held in net/web   |       |     1 |       ||     1
  Eat: Chunk             |       |     6 |       ||     6
Armor: Leather armour    |    27 |    68 |    10 ||   105
       Skin              |       |     8 |       ||     8
Dodge: Dodged            |    46 |   149 |    26 ||   221
